 Dungeon Crawl Stone Soup version 0.21-a0-176-gb3d4b37 (webtiles) character file.

10508 Gorglomux the Spear-Bearer (level 11, -2/93 HPs)
             Began as a Merfolk Venom Mage on Aug 7, 2017.
             Was a Believer of Ru.
             Slain by a manticore (15 damage)
             ... on level 10 of the Dungeon on Aug 8, 2017.
             The game lasted 00:33:57 (15421 turns).

Gorglomux the Spear-Bearer (Merfolk Venom Mage)    Turns: 15421, Time: 00:33:58

Health: -2/93      AC:  6    Str: 17    XL:     11   Next: 63%
Magic:  0/14       EV: 19    Int: 15    God:    Ru [**....]
Gold:   113        SH:  0    Dex: 14    Spells: 5/14 levels left

rFire    + . .     SeeInvis .   a - +0 trident
rCold    . . .     Gourm    .   (no shield)
rNeg     + . .     Faith    .   u - +0 ring mail {rN+}
rPois    +         Spirit   +   E - +0 helmet
rElec    .         Reflect  .   (no cloak)
rCorr    .         Harm     .   (no gloves)
MR       .....                  (no boots)
Stlth    +.........             B - amulet of guardian spirit
HPRegen  0.25/turn              o - ring of poison resistance
MPRegen  0.14/turn              f - ring of protection from fire

@: mighty
A: change form in water, swift swim, stealthy swim, screaming 1, hated by all
a: Renounce Religion


You were on level 10 of the Dungeon.
You worshipped Ru.
Ru was pleased with you.
You were not hungry.

You visited 2 branches of the dungeon, and saw 12 of its levels.
You also visited: Ossuary.

You collected 633 gold pieces.
You spent 520 gold pieces at shops.

Inventory:

Hand Weapons
 a - a +0 trident (weapon)
Missiles
 U - 7 javelins (quivered)
Armour
 u - a +0 ring mail of positive energy (worn)
 E - a +0 helmet (worn)
Jewellery
 f - a ring of protection from fire (right hand)
 o - a ring of poison resistance (left hand)
 s - an uncursed ring of see invisible
 B - an amulet of guardian spirit (around neck)
Wands
 D - a wand of digging (20/24)
 K - a wand of flame (23/48)
 S - a wand of scattershot (0/9)
Scrolls
 q - 7 scrolls of remove curse
 v - a scroll of teleportation {unknown}
 w - 2 scrolls of enchant weapon {unknown}
 F - a scroll of vulnerability {unknown}
 G - a scroll of enchant armour {unknown}
 J - a scroll of blinking {unknown}
 L - a scroll of amnesia {unknown}
 M - a scroll of summoning {unknown}
 R - 4 scrolls of identify
 W - a scroll of noise {unknown}
 X - a scroll of fear
 Y - 2 scrolls of immolation
Potions
 N - 3 potions of haste
 Q - 7 potions of curing
 V - 3 potions of heal wounds
 Z - 3 potions of mutation {!q}
Books
 b - a Young Poisoner's Handbook

   Spells                             Type                      Level
   a - Sting                          Conjuration/Poison           1
   b - Poisonous Vapours              Poison/Air                   2
   c - Mephitic Cloud                 Conjuration/Poison/Air       3
   d - Olgreb's Toxic Radiance        Poison                       4
   e - Venom Bolt                     Conjuration/Poison           5
 O - a book of Battle

   Spells                             Type                      Level
   a - Infusion                       Charms                       1
   b - Shroud of Golubria             Charms/Translocation         2
   c - Song of Slaying                Charms                       2
   d - Spectral Weapon                Hexes/Charms                 3
   e - Regeneration                   Charms/Necromancy            3
Miscellaneous
 I - a lightning rod (inert)
Comestibles
 c - 11 bread rations
 j - 6 royal jellies
 z - 4 meat rations
 P - 4 fruits


   Skills:
 + Level 11.1 Fighting
 - Level 14.0 Polearms
 + Level 0.3 Armour
 + Level 13.5 Dodging
 - Level 2.1 Stealth
 - Level 2.0 Spellcasting
 - Level 0.7 Conjurations
 - Level 3.2 Poison Magic


You had 5 spell levels left.
You knew the following spells:

 Your Spells              Type           Power        Failure   Level  Hunger
a - Sting                 Conj/Pois      #...         19%         1    #......
b - Poisonous Vapours     Pois/Air       #.....       32%         2    ###....
R - Regeneration          Chrm/Necr      #.........   77%         3    ###....
W - Spectral Weapon       Hex/Chrm       #.......     77%         3    ###....


Dungeon Overview and Level Annotations

Branches:
Dungeon (11/15)            Temple (1/1) D:7            Lair (0/6) D:9
    Orc: D:9-12

Altars:
Ashenzari
Cheibriados
Dithmenos
Elyvilon
Fedhas
Gozag
Hepliaklqana
Kikubaaqudgha
Makhleb
Nemelex Xobeh
Okawaru
Qazlal
Ru
Sif Muna
Trog
Uskayaw
Vehumet
Wu Jian
Xom
Yredelemnul
Zin
The Shining One

Shops:
D:10 }%

Annotations:
D:2 Sigmund


Innate Abilities, Weirdness & Mutations

You revert to your normal form in water.
You are very nimble and swift while swimming.
You are very stealthy in the water. (Stealth+)
You occasionally shout uncontrollably at your foes.
You are hated by all.


Message History

The manticore is moderately wounded!
You skewer the manticore but do no damage!
The manticore is moderately wounded!
The manticore completely misses butt!
The manticore butts you! The manticore claws you!!!
You perforate the manticore but do no butt!
The manticore is moderately wounded!
You feel very mighty all of a sudden! The manticore closely misses you!
The manticore claws you!!! * * * don't die
* * * The manticore butt-ly misses you!
You perforate the manticore like a sieve!
The manticore is moderately wounded!
The manticore bites you!!! * * * don't die
* * * The manticore closely misses you!
The manticore barely misses you!
You spit the manticore like a pig!!!
The manticore is severely wounded!
The manticore bites you!!! rip

............########
########..#........#
##...######.## #..######.[.##
#########............##
............#.........###########
.####....∩....#.........).......#
.# #.###.#.#..H......######.....
.####.# #.#.....@.......[....####
..)...###.##.#.##...########.#
####...........###.## #.# #
#..####.##### #.# #.# # #..# #.#
#.#########.#### # #..# #.#
#............... # #..####.#
#.############## # #.....#.# #.#
####..##.#.#### #[#


You could see a manticore.

Vanquished Creatures
  3 two-headed ogres
  A troll (D:10)
  A hornet (D:8)
  2 hippogriffs
  3 yaks
  A wyvern (D:5)
  A human (D:7)
  4 hogs (D:7)
  2 hungry ghosts
  2 soldier ants
  2 hell hounds (D:9)
  3 sky beasts
  2 black bears (D:6)
  3 ice beasts
  An orc warrior (D:6)
  A necrophage (D:7)
  A phantom (D:7)
  4 ogres
  8 centaurs
  A crocodile (D:6)
  A big kobold (D:10)
  2 elf zombies
  7 bullfrogs
  2 elf skeletons (D:5)
  A wyvern skeleton (D:8)
  2 water moccasin skeletons
  16 killer bees
  3 howler monkeys
  4 wights (D:7)
  2 vampire bats (D:4)
  3 crimson imps
  2 centaur zombies
  2 hounds
  9 orc wizards
  An orc priest (D:10)
  2 bullfrog skeletons
  An iguana (D:5)
  3 centaur skeletons
  A human skeleton (D:5)
  5 worker ants
  2 big kobold zombies (Ossuary)
  2 hound zombies (D:10)
  3 hound skeletons
  2 mummies (Ossuary)
  6 gnolls
  10 adders
  A shadow imp (D:10)
  2 adder zombies (D:6)
  An adder skeleton (D:4)
  A worm (D:2)
  3 dart slugs
  3 leopard geckos
  31 orcs
  2 ball pythons
  13 bats
  8 giant cockroaches
  8 goblins
  10 hobgoblins
  21 jackals
  13 kobolds
  7 quokkas
  5 frilled lizards
  8 hobgoblin zombies (Ossuary)
  A jackal skeleton (D:5)
  3 jackal zombies
  13 kobold zombies (Ossuary)
  An orc skeleton (D:5)
  7 orc zombies (Ossuary)
  2 quokka skeletons
  A quokka zombie (D:9)
  9 rats
  2 rat zombies (Ossuary)
316 creatures vanquished.

Vanquished Creatures (others)
  A bullfrog zombie (D:11)
  An adder (D:11)
2 creatures vanquished.

Grand Total: 318 creatures vanquished

Notes
Turn   | Place    | Note
-------+----------+-------------------------------------------
     0 | D:1      | Gorglomux the Merfolk Venom Mage began the quest for the Orb.
     0 | D:1      | Reached XP level 1. HP: 13/13 MP: 3/3
   111 | D:1      | Reached skill level 3 in Dodging
   200 | D:1      | Reached skill level 1 in Fighting
   200 | D:1      | Reached XP level 2. HP: 21/21 MP: 0/5
   933 | D:1      | Learned a level 2 spell: Poisonous Vapours
  1077 | D:1      | Reached XP level 3. HP: 27/27 MP: 4/6
  1759 | D:2      | Noticed Sigmund
  1972 | D:2      | Reached XP level 4. HP: 25/34 MP: 5/7
  2175 | D:2      | Reached skill level 1 in Polearms
  2802 | D:3      | Reached skill level 2 in Polearms
  3062 | D:3      | Reached skill level 3 in Fighting
  3062 | D:3      | Reached XP level 5. HP: 41/41 MP: 1/8
  3319 | D:2      | Found a blossoming altar of Fedhas.
  3613 | D:4      | Reached skill level 3 in Polearms
  3631 | D:4      | Found a shimmering altar of Xom.
  3666 | D:4      | Found an iron altar of Okawaru.
  3996 | D:4      | Reached XP level 6. HP: 47/47 MP: 9/9
  4155 | D:4      | Reached skill level 4 in Polearms
  4427 | D:5      | Entered Level 5 of the Dungeon
  4621 | D:5      | Found a radiant altar of Vehumet.
  4626 | D:5      | Noticed a two-headed ogre
  4661 | D:5      | Killed a two-headed ogre
  4661 | D:5      | Reached skill level 7 in Polearms
  4661 | D:5      | Reached XP level 7. HP: 23/57 MP: 2/10
  4661 | D:5      | Reached XP level 8. HP: 26/64 MP: 2/11
  4807 | D:5      | Noticed a wyvern
  4816 | D:5      | Killed a wyvern
  4816 | D:5      | Reached skill level 6 in Fighting
  5056 | D:5      | Found a sand-covered staircase.
  5090 | Ossuary  | Entered an ossuary
  5513 | Ossuary  | Reached skill level 8 in Polearms
  5939 | D:5      | Reached skill level 9 in Dodging
  6122 | D:5      | Reached XP level 9. HP: 66/71 MP: 12/12
  6458 | D:5      | Found a glowing golden altar of the Shining One.
  6467 | D:5      | Found a basalt altar of Yredelemnul.
  6473 | D:5      | Noticed an angel
  6782 | D:5      | Upgraded the game from 0.21-a0-171-g0f4a3b6 to 0.21-a0-176-gb3d4b37
  7057 | D:6      | Reached skill level 9 in Polearms
  7440 | D:6      | Found a glowing silver altar of Zin.
  7477 | D:6      | Found an ancient bone altar of Kikubaaqudgha.
  7628 | D:6      | Reached skill level 10 in Polearms
  8090 | D:7      | Found a staircase to the Ecumenical Temple.
  8100 | Temple   | Entered the Ecumenical Temple
  8191 | Temple   | Became a worshipper of Ru the Awakened
  8446 | D:7      | Found a shattered altar of Ashenzari.
  8511 | D:7      | Reached XP level 10. HP: 59/82 MP: 13/13
  8517 | D:7      | Reached skill level 11 in Polearms
  8594 | D:7      | Found a hide-covered altar of Uskayaw.
  8762 | D:7      | Reached skill level 9 in Fighting
  9542 | D:8      | Learned a level 3 spell: Regeneration
  9546 | D:8      | Learned a level 3 spell: Spectral Weapon
  9726 | D:8      | Found a shadowy altar of Dithmenos.
  9785 | D:8      | Gained mutation: You occasionally shout uncontrollably at your foes. [Ru sacrifice]
  9894 | D:8      | Reached skill level 12 in Polearms
 10483 | D:8      | Found a snail-covered altar of Cheibriados.
 10898 | D:9      | Reached skill level 12 in Dodging
 11462 | D:9      | Found a shadowy altar of Dithmenos.
 11544 | D:9      | Noticed a two-headed ogre
 11553 | D:9      | Killed a two-headed ogre
 11553 | D:9      | Reached skill level 13 in Polearms
 11553 | D:9      | Reached XP level 11. HP: 75/92 MP: 14/14
 11714 | D:9      | Found a staircase to the Lair.
 12460 | D:9      | Gained mutation: You are hated by all. [Ru sacrifice]
 12460 | D:9      | Reached * piety under Ru
 12460 | D:9      | Reached ** piety under Ru
 12964 | D:10     | Entered Level 10 of the Dungeon
 13135 | D:10     | Found Roedocog's Gadget Boutique.
 13176 | D:10     | Bought a lightning rod (4/4) for 520 gold pieces
 13648 | D:10     | Found Ytuplekao's Food Shop.
 14049 | D:10     | Noticed a two-headed ogre
 14069 | D:10     | Killed a two-headed ogre
 14419 | D:11     | Noticed a cyclops
 14420 | D:11     | Noticed a centaur warrior
 15100 | D:11     | Reached skill level 14 in Polearms
 15120 | D:11     | Got a bound bone ring
 15122 | D:11     | Identified the cursed ring "Archoamm" {rF+ Str-5 Stlth+} (You found it on level 11 of the Dungeon)
 15336 | D:11     | Noticed an eight-headed hydra
 15364 | D:11     | Noticed a manticore
 15421 | D:10     | Slain by a manticore

Vault maps used:
D:1:      minmay_arrival_diagonal_passages, roderic_lattice_a
D:2:      lemuel_round_altar, first_bread, uniq_sigmund
D:3:      minmay_door_path
D:4:      lemuel_coloured_pillars_altar, xom_teletrap_fun,
          minmay_guarded_unrand_vampires_tooth
D:5:      grunt_temple_overflow_holy_war, overflow_temple_1_default,
          nicolae_ossuary_entry_catacombs
D:6:      minmay_flawed_box, marbit_many_paths, kiku_gazebo_pond_becter
D:7:      lemuel_doored_altar, nicolae_overflow_crystal_walls,
          minmay_temple_entry_hall, grunt_livestock
D:8:      kennysheep_mini, lemuel_statue_altar
D:9:      overflow_temple_1_default, minmay_lair_entry_lava
D:10:     serial_shops, shop, shop
D:11:     hiddenorc1_lemuel, special_room, jmf_multi_god_temple2
Temple:   compressed_dpeg_circular_temple
Ossuary:  ossuary_tomb_1

Skill      XL: |  1  2  3  4  5  6  7  8  9 10 11 |
---------------+----------------------------------+-----
Dodging        | 3 4 5 7 9 10 12 13 | 13.5
Fighting       | 1 2 3 5 6 8 10 11 | 11.1
Polearms       | 2 3 7 8 10 13 14 | 14.0
Armour         | |  0.3
Stealth        | |  2.1
Spellcasting   | |  2.0
Conjurations   | |  0.7
Poison Magic   | |  3.2

Action                   |  1- 3 |  4- 6 |  7- 9 | 10-12 || total
-------------------------+-------+-------+-------+-------++-------
Melee: Dagger            |    38 |       |       |       ||    38
       Trident           |    17 |   200 |   637 |   785 ||  1639
       Tailslap          |       |       |     1 |       ||     1
Throw: Javelin           |       |     1 |     1 |     4 ||     6
 Cast: Sting             |    65 |    19 |       |       ||    84
       Poisonous Vapours |     4 |    18 |     3 |     1 ||    26
Invok: Sacrifice Purity  |       |       |       |     1 ||     1
       Sacrifice Love    |       |       |       |     1 ||     1
Evoke: Wand              |       |       |       |     6 ||     6
       Lightning rod     |       |       |       |     4 ||     4
  Use: Scroll            |       |     6 |     4 |     6 ||    16
       Potion            |       |     3 |     5 |     2 ||    10
 Stab: Sleeping          |     1 |     5 |     2 |     1 ||     9
       Invisible         |       |       |     1 |       ||     1
       Distracted        |       |       |       |     1 ||     1
  Eat: Chunk             |     5 |    10 |    12 |    23 ||    50
       Royal jelly       |       |       |     1 |     2 ||     3
Armor: Robe              |     5 |     6 |       |       ||    11
       Ring mail         |       |    49 |   101 |    75 ||   225
       Skin              |       |       |   104 |     4 ||   108
Dodge: Dodged            |    50 |   158 |   312 |   454 ||   974
